 Dungeon Crawl Stone Soup version 0.21.1-1-g345015fe64 (console) character file.

119 Kloppie the Skirmisher (level 5, -1/47 HPs)
             Began as a Ghoul Fighter on June 19, 2018.
             Killed from afar by an orc wizard (10 damage)
             ... with a puff of flame
             ... on level 3 of the Dungeon.
             The game lasted 00:06:27 (1787 turns).

Kloppie the Skirmisher (Ghoul Fighter)              Turns: 1787, Time: 00:06:27

Health: -1/47      AC:  6    Str: 20    XL:     5   Next: 3%
Magic:  4/4        EV: 14    Int:  3    God:
Gold:   142        SH:  0    Dex: 14    Spells: 4/4 levels left

rFire    . . .     SeeInvis .   a - +0 flail
rCold    + . .     Gourm    .   (no shield)
rNeg     + + +     Faith    .   b - +0 scale mail
rPois    ∞         Spirit   .   (no helmet)
rElec    .         Reflect  .   (no cloak)
rCorr    .         Harm     .   (no gloves)
MR       .....                  (no boots)
Stlth    +.........             (no amulet)
HPRegen  0.00/turn              (no ring)
MPRegen  0.09/turn              (no ring)

@: agile, rotting
A: rotting body, claws 1, carnivore, cold resistance 1, negative energy
resistance 3, inhibited regeneration, torment resistance, unbreathing
a: no special abilities


You were on level 3 of the Dungeon.
You were very hungry.

You visited 1 branch of the dungeon, and saw 3 of its levels.

You collected 142 gold pieces.

Inventory:

Hand Weapons
 a - a +0 flail (weapon)
Armour
 b - a +0 scale mail (worn)
 c - a +0 shield
Jewellery
 r - a cursed -3 ring of strength {unknown}
 w - a +4 ring of protection {unknown}
 y - a +2 ring of dexterity {unknown}
Scrolls
 g - a scroll of enchant weapon {unknown}
 h - 5 scrolls of remove curse {unknown}
 j - 2 scrolls of identify {unknown}
 o - a scroll of blinking {unknown}
 u - a scroll of fog {unknown}
 v - a scroll of noise {unknown}
 x - a scroll of random uselessness {unknown}
Potions
 d - a potion of might
 e - a potion of agility
 k - a potion of curing {unknown}
 l - 2 potions of flight {unknown}
 m - a potion of heal wounds {unknown}
 n - a potion of resistance {unknown}
 p - a potion of lignification {unknown}
 q - 2 potions of degeneration {unknown}
 s - 2 potions of haste {unknown}
Books
 t - a book of Cantrips

   Spells                             Type                      Level
   a - Confusing Touch                Hexes                        1
   b - Animate Skeleton               Necromancy                   1
   c - Summon Small Mammal            Summoning                    1
   d - Apportation                    Translocation                1
Comestibles
 f - 3 rations
 i - 3 chunks of flesh


   Skills:
 + Level 4.9 Fighting
 + Level 3.4 Maces & Flails
 - Level 2.6 Armour
 - Level 2.6 Shields


You had 4 spell levels left.
You didn't know any spells.

Dungeon Overview and Level Annotations

Branches:
Dungeon (3/15)

Altars:


Innate Abilities, Weirdness & Mutations

Your body is rotting away.
You thrive on raw meat.
You are immune to poison.
You have sharp fingernails.
You are carnivorous and can eat meat at any time.
Your flesh is cold resistant. (rC+)
You are immune to negative energy. (rN+++)
You do not regenerate when monsters are visible.
You are immune to unholy pain and torment.
You can survive without breathing.


Message History

Deactivating autopickup; reactivate with Ctrl-A.
Things that are here:
a whip of distortion; a gnoll corpse The orc misses you.
An orc wizard comes into view. It is wielding a dagger.
You sock the gnoll!
The gnoll is heavily wounded.
You are feeling very hungry.
The orc wizard mumbles some strange words.
The orc wizard flickers and vanishes!
The gnoll closely misses you.
The orc hits you from afar with a trident.
* * * LOW HITPOINT WARNING * * *
You thump the gnoll!
You kill the gnoll!
You have reached level 5!
You feel stronger. The orc barely misses you.
A puff of flame appears from out of thin air!
The puff of flame hits you!
You die...

#..##....##.#
.....###...# .#
##...#...>.# .. .
###....#...## .# .
#...........##..#
.##.....##..#.....# .
.....#.##....###...
.{##.#.#......## .
o....o.##......##
................##
......?@.....>...###.##
........)...............
....o......(.....#......
.....##)................
.....##.................
....<...........##......
............†...# ######
.####.......$....#
#............#
#............#
#.$.....[....#


You could see an orc wizard and 2 orcs.

Vanquished Creatures
  2 adders (D:3)
  4 gnolls
  3 worms
  5 dart slugs
  A leopard gecko (D:1)
  2 giant cockroaches
  7 goblins
  5 hobgoblins
  6 bats
  7 frilled lizards
  2 kobolds
  4 rats
48 creatures vanquished.

Notes
Turn   | Place    | Note
-------+----------+-------------------------------------------
     0 | D:1      | Kloppie the Ghoul Fighter began the quest for the Orb.
     0 | D:1      | Reached XP level 1. HP: 19/19 MP: 0/0
    83 | D:1      | Reached XP level 2. HP: 26/27 MP: 1/1
   472 | D:1      | Reached skill level 4 in Fighting
   472 | D:1      | Reached XP level 3. HP: 30/33 MP: 2/2
  1471 | D:3      | Reached XP level 4. HP: 39/41 MP: 3/3
  1787 | D:3      | Reached XP level 5. HP: 9/47 MP: 4/4
  1787 | D:3      | Killed from afar by an orc wizard

Skill      XL: |  1  2  3  4 |
---------------+-------------+-----
Maces & Flails | 2 3 |  3.4
Fighting       | 4 |  4.9
Armour         | |  2.6
Shields        | |  2.6

Action                   |  1- 3 |  4- 6 || total
-------------------------+-------+-------++-------
Melee: Flail             |    85 |    62 ||   147
  Use: Potion            |       |     1 ||     1
  Eat: Chunk             |     2 |       ||     2
Armor: Scale mail        |    45 |    43 ||    88
Dodge: Dodged            |    46 |    43 ||    89
